 Dungeon Crawl Stone Soup version 0.28-a0-1510-gd0f6b136d3 (webtiles) character file.

Game seed: 1535769570108996953

3666 frimble the Grasshopper (level 9, -4/66 HPs)
             Began as a Demonspawn Warper on Jan 16, 2022.
             Was a Priest of Cheibriados.
             Killed by divine providence
             ... invoked by an orc priest
              (13 damage)
             ... on level 8 of the Dungeon.
             The game lasted 00:12:56 (11250 turns).

frimble the Grasshopper (Demonspawn Warper)        Turns: 11250, Time: 00:12:57

Health: -4/66      AC:  9    Str: 19    XL:     9   Next: 89%
Magic:  12/12      EV: 13    Int: 31    God:    Cheibriados [***...]
Gold:   344        SH:  7    Dex: 27    Spells: 7/12 levels left

rFire   . . .      SeeInvis .   k - +3 rapier
rCold   . . .      Faith    .   l - +0 buckler
rNeg    . . .      Spirit   .   a - +0 steam dragon scales
rPois   .          Reflect  .   r - +2 helmet
rElec   .          Harm     .   (no cloak)
rCorr   .          Rampage  .   (no gloves)
Will    .....                   y - +0 pair of boots
Stlth   +++.......              o - amulet of magic regeneration
HPRegen 0.21/turn               x - +6 ring of dexterity
MPRegen 0.53/turn               h - ring of wizardry

@: about to teleport, very slow
A: hooves 1, demonic guardian 1, spiny 1, big brain 2
a: Renounce Religion, Bend Time, Temporal Distortion


You were on level 8 of the Dungeon.
You worshipped Cheibriados.
Cheibriados was most pleased with you.
You visited 2 branches of the dungeon, and saw 9 of its levels.

You collected 344 gold pieces.

Inventory:

Hand Weapons
 k - a +3 rapier (weapon)
Missiles
 A - a boomerang (quivered)
Armour
 a - +0 steam dragon scales (worn)
 l - a +0 buckler (worn)
 r - a +2 helmet (worn)
 y - a +0 pair of boots (worn)
Jewellery
 f - a ring of resist corrosion
 h - a ring of wizardry (right hand)
 o - an amulet of magic regeneration (around neck)
 x - a +6 ring of dexterity (left hand)
Wands
 q - a wand of digging (7)
 w - a wand of flame (39)
Scrolls
 c - a scroll of blinking
 s - 4 scrolls of identify
 u - 2 scrolls of magic mapping
 B - a scroll of enchant armour
Potions
 b - a potion of berserk rage
 d - a potion of haste
 e - 2 potions of brilliance
 g - a potion of might
 i - a potion of cancellation
 j - 2 potions of flight
 m - a potion of heal wounds
 n - a potion of ambrosia
 v - a potion of attraction


   Skills:
 + Level 4.3 Fighting
 + Level 7.4 Short Blades
 - Level 0.8 Throwing
 - Level 0.8 Armour
 - Level 2.4 Dodging
 + Level 4.2 Stealth
 - Level 4.0 Shields
 - Level 2.0 Spellcasting
 + Level 7.8 Translocations
 - Level 5.3 Invocations


You had 7 spell levels left.
You knew the following spells:

 Your Spells              Type           Power      Damage    Failure   Level
a - Blink                 Tloc           100%       N/A       1%          2
b - Gell's Gravitas       Tloc           51%        N/A       1%          3

Your spell library contained the following spells:

 Spells                   Type           Power      Damage    Failure   Level
 Lesser Beckoning         Tloc           51%        N/A       1%          3
 Teleport Other           Tloc           51%        N/A       1%          3
 Slow                     Hex            12%        N/A       4%          1
 Manifold Assault         Tloc           51%        N/A       4%          5
 Confusing Touch          Hex            3%         N/A       12%         3
 Vampiric Draining        Necr           3%         2d6       12%         3


Dungeon Overview and Level Annotations

Branches:
Dungeon (8/15)             Temple (1/1) D:5
   Lair: D:8-11

Altars:
Cheibriados
Dithmenos
Fedhas
Gozag
Hepliaklqana
Kikubaaqudgha
Nemelex Xobeh
Sif Muna
Trog
Vehumet
Yredelemnul
Zin
The Shining One

Annotations:
D:7 2 transporters, shadowrider38's ghost, novice DjFE


Innate Abilities, Weirdness & Mutations

You have large cloven feet.
A weak demonic guardian rushes to your aid.
You are partially covered in sharp spines.
You have an extremely huge brain. (Int +4)


Message History

Your shadow imp barely misses the orc warrior.
You feel much better.
The orc priest invokes the aid of Beogh against you.
Pain shoots through your body!
* * * LOW HITPOINT WARNING * * *
Aiming: Throw Flame
Press: ? - help, Shift-Dir - straight line, p - orc warrior
Okay, then.
Unknown command.
Casting: Blink (safe; 1% risk of failure)
Confirm with . or Enter, or press ? or * to list all spells.
You blink.
Your shadow imp hits the orc warrior but does no damage.
Throw: dart (poison)
Press: ? - help, Q - select action, (/) - cycle Shift-Dir - straight line, f/p - orc warrior
Aim: an orc warrior, wielding a +0 glaive and wearing a +0 plate armour (almost dead, poisoned, ally target, 67% to hit)
You throw a poisoned dart. The poisoned dart hits the orc warrior.
The orc warrior is almost dead.
Casting: Blink (safe; 1% risk of failure)
Confirm with . or Enter, or press ? or * to list all spells.
You blink.
The orc priest mumbles some strange prayers to Beogh against you.
Beogh smites you!
* * * LOW HITPOINT WARNING * * *
Your shadow imp closely misses the orc warrior.
Blink to where?
Press: ? - help, Dir - move target, p - orc warrior
As you read the scroll of blinking, it crumbles to dust.
As you read the scroll of teleportation, it crumbles to dust.
You feel strangely unstable.
You feel better.
Throw: boomerang
Press: ? - help, Q - select action, (/) - cycle Shift-Dir - straight line, f - orc warrior
Aim: an orc warrior, wielding a +0 glaive and wearing a +0 plate armour (almost dead, 67% to hit)
You throw a boomerang.
The boomerang hits the orc warrior but does no damage.
The orc warrior is almost dead.
The orc priest mumbles some strange prayers to Beogh against you.
Beogh smites you!
You die...

.o........#......#
#.o.....#
##).(...#...(###.o)....#
#..<........(.((....####
#....$...............#
#.o...........o.######
#........[#...#.
#.........#...#
o.........#...#
..........##.@.#
.##.........#####


You could see an orc priest.

Vanquished Creatures
  Eustachio (D:4)
  5 yaks
  A steam dragon (D:7)
  2 water moccasins
  2 orc warriors
  An ice beast (D:6)
  A sky beast (D:7)
  3 black bears
  A centaur (D:5)
  3 phantoms (D:5)
  A bullfrog (D:7)
  A wyvern zombie (D:7)
  6 wights
  5 orc priests
  A gnoll shaman (D:7)
  2 centaur skeletons (D:5)
  3 hounds
  A jelly (D:5)
  A bullfrog skeleton (D:7)
  2 iguanas (D:6)
  Natasha (thrice) (D:3)
  6 orc wizards
  A hound skeleton (D:4)
  Robin (D:4)
  3 adders
  7 gnolls
  2 ufetubi (D:6)
  2 worms
  2 dart slugs
  27 orcs
  8 ball pythons
  8 bats
  6 endoplasms
  2 giant cockroaches (D:1)
  11 goblins
  7 hobgoblins
  4 jackals (D:1)
  2 quokkas (D:2)
  3 frilled lizards
  2 kobolds
  5 rats
155 creatures vanquished.

Vanquished Creatures (collateral kills)
  Grinder (D:4)
  A centaur zombie (D:5)
  A hound (D:5)
  A worm (D:1)
  A goblin (D:1)
  A hobgoblin (D:1)
  A kobold (D:2)
7 creatures vanquished.

Vanquished Creatures (others)
  A fungus (D:2)
1 creature vanquished.

Grand Total: 163 creatures vanquished

Notes
Turn   | Place    | Note
-------+----------+-------------------------------------------
     0 | D:1      | frimble the Demonspawn Warper began the quest for the Orb.
     0 | D:1      | Reached XP level 1. HP: 16/16 MP: 3/3
   467 | D:1      | Gained mutation: A weak demonic guardian rushes to your
                  | aid. [demonic ancestry]
   467 | D:1      | Reached XP level 2. HP: 21/22 MP: 5/5
   929 | D:1      | Learned a level 2 spell: Blink
  1053 | D:1      | Reached skill level 1 in Stealth
  1400 | D:1      | Reached XP level 3. HP: 23/27 MP: 6/6
  1411 | D:1      | Learned a level 3 spell: Gell's Gravitas
  1522 | D:1      | Found a faded altar of an unknown god.
  3686 | D:3      | Found a shimmering blue altar of Sif Muna.
  3848 | D:3      | Reached XP level 4. HP: 33/33 MP: 7/7
  4036 | D:3      | Noticed Natasha
  4043 | D:3      | Killed Natasha
  4198 | D:3      | Noticed Natasha
  4204 | D:3      | Killed Natasha
  4205 | D:3      | Reached skill level 1 in Shields
  4272 | D:3      | Noticed Natasha
  4280 | D:3      | Killed Natasha
  4281 | D:3      | Gained mutation: You are partially covered in sharp spines.
                  | [demonic ancestry]
  4281 | D:3      | Reached XP level 5. HP: 20/38 MP: 8/8
  4649 | D:4      | You fall into a shaft and drop 1 floor!
  4649 | D:5      | Entered Level 5 of the Dungeon
  4859 | D:5      | Found a staircase to the Ecumenical Temple.
  4897 | D:5      | Noticed a centaur
  4910 | D:5      | Killed a centaur
  4911 | D:5      | Gained mutation: You have large cloven feet. [demonic
                  | ancestry]
  4911 | D:5      | Reached XP level 6. HP: 21/44 MP: 9/9
  4918 | Temple   | Entered the Ecumenical Temple
  5112 | Temple   | Became a worshipper of Cheibriados the Contemplative
  5531 | D:5      | Gained mutation: You have an unusually large brain. (Int
                  | +2) [demonic ancestry]
  5531 | D:5      | Reached XP level 7. HP: 44/50 MP: 10/10
  5721 | D:4      | Noticed Grinder
  5741 | D:4      | HP: 2/50 [Grinder (4)]
  5742 | D:4      | Paralysed by Grinder for 5 turns
  5756 | D:4      | Killed Grinder
  5757 | D:4      | Reached skill level 5 in Translocations
  6039 | D:4      | Noticed Eustachio
  6063 | D:4      | Killed Eustachio
  6254 | D:4      | Reached skill level 5 in Short Blades
  6254 | D:4      | Gained mutation: You have an extremely huge brain. (Int +4)
                  | [demonic ancestry]
  6254 | D:4      | Reached XP level 8. HP: 34/56 MP: 11/11
  6261 | D:4      | Reached skill level 1 in Invocations
  6709 | D:4      | Noticed Robin
  6718 | D:4      | Killed Robin
  6723 | D:4      | Reached * piety under Cheibriados
  8266 | D:7      | Reached ** piety under Cheibriados
  8267 | D:7      | Reached skill level 5 in Invocations
  8601 | D:7      | Found a shadowy altar of Dithmenos.
  8608 | D:7      | Reached XP level 9. HP: 58/61 MP: 12/12
  8958 | D:7      | Found an opulent altar of Gozag.
  9052 | D:7      | Noticed an eight-headed hydra
  9053 | D:7      | Noticed shadowrider38's ghost (novice DjFE)
  9059 | D:7      | Found a transporter.
  9075 | D:7      | Found a transporter.
 10401 | D:7      | Reached *** piety under Cheibriados
 11241 | D:8      | HP: 2/66 [orc priest/divine providence (10)]
 11250 | D:8      | Killed from afar by an orc priest

Illustrated notes

Levels and vault maps discovered:
D:1:      lemuel_arrival_lava_pool, layout_loops_ring,
          chequers_ecumenical_altar_grove
D:2:      layout_loops_ring, minmay_misc_feat_plants, minivault_23
D:3:      layout_loops_corners, led_sif_pool, moated_statue, uniq_natasha
D:4:      layout_basic, minmay_box_of_dots, uniq_robin, uniq_grinder,
          uniq_eustachio
D:5:      layout_basic, minmay_temple_entry_junction
D:6:      layout_cave_pools
D:7:      layout_loops_cross, mainiacjoe_overflow_small_starburst,
          mainiacjoe_overflow_alcove_4, gammafunk_ghost_arena,
          roderic_malta_cross
D:8:      layout_rooms, serial_shops, shop, st_stairs_3
Temple:   nicolae_temple_great_sept

Skill      XL: |  1  2  3  4  5  6  7  8  9 |
---------------+----------------------------+-----
Short Blades   | 2 3 4 5 6 7 |  7.4
Dodging        | 2 |  2.4
Stealth        | 1 4 |  4.2
Translocations | 3 4 5 6 7 |  7.8
Shields        | 1 2 3 4 |  4.0
Invocations    | 5 |  5.3
Fighting       | 4 |  4.3
Throwing       | |  0.8
Armour         | |  0.8
Spellcasting   | |  2.0

Action                   |  1- 3 |  4- 6 |  7- 9 || total
-------------------------+-------+-------+-------++-------
Melee: Short sword       |    98 |       |       ||    98
       Punch             |     2 |     2 |       ||     4
       Rapier            |    58 |    62 |   312 ||   432
       Kick              |       |     7 |    40 ||    47
Throw: Boomerang         |     4 |       |    10 ||    14
       Dart              |     6 |       |    33 ||    39
 Cast: Blink             |     2 |       |    19 ||    21
       Gell's Gravitas   |       |       |     4 ||     4
Evoke: Wand              |       |       |     2 ||     2
  Use: Scroll            |     9 |       |    12 ||    21
       Potion            |       |       |     5 ||     5
 Stab: Sleeping          |     2 |       |     3 ||     5
       Distracted        |       |     1 |       ||     1
Armor: Leather armour    |    27 |    13 |    48 ||    88
       Steam dragon scal |       |       |     9 ||     9
Dodge: Dodged            |    76 |    49 |   160 ||   285
Block: Buckler           |       |       |    79 ||    79

Table legend: (Time is in decaauts)
 A = Elapsed time spent in this place.
 B = Non-inter-level travel time spent in this place.
 C = Inter-level travel time spent in this place.
 D = Time resting spent in this place.
 E = Time spent auto-exploring this place.
 F = Levels seen in this place.
 G = Mean time per level.
                   A        B        C        D        E       F      G
               +--------+--------+--------+--------+--------+-----+--------+
         Total |  12205 |  11754 |    451 |    565 |   9586 |   9 | 1356.1 |
       Dungeon |  11998 |  11566 |    432 |    565 |   9406 |   8 | 1499.8 |
        Temple |    207 |    188 |     19 |      0 |    180 |   1 |  207.0 |
               +--------+--------+--------+--------+--------+-----+--------+

Top non-repeatable levels by time:
     D:7: 2690 daAuts
     D:1: 2243 daAuts
     D:5: 1570 daAuts
     D:6: 1469 daAuts
     D:4: 1351 daAuts
     D:3: 1226 daAuts
     D:2: 1191 daAuts
     D:8: 254 daAuts
  Temple: 207 daAuts
